 Dungeon Crawl Stone Soup version 0.31.0-4-g52a2dc7128 (webtiles) character file.

Game seed: 13432145676507665239

406 Crownlay the Trooper (level 7, -1/53 HPs)
             Began as a Djinni Monk on Jan 22, 2024.
             Was a Believer of Ru.
             Killed from afar by an orc wizard (4 damage)
             ... with a magic dart
             ... on level 5 of the Dungeon.
             The game lasted 00:08:01 (4062 turns).

Crownlay the Trooper (Djinni Monk)                  Turns: 4062, Time: 00:08:03

Health: -1/53      AC:  5    Str: 10    XL:     7   Next: 12%
Gold:   162        EV: 13    Int: 13    God:    Ru [**....] SH:  0 Dex: 16

rFire   + + .        a - +0 short sword
rCold   x . .        (shield unavailable)
rNeg    . . .        b - +0 robe
rPois   ∞            (no helmet)
rElec   .            r - +0 cloak
rCorr   .            g - +1 pair of gloves
SInv    .            (boots unavailable)
Will    .....        (no amulet)
Stlth   +            (ring unavailable)
HPRegen 0.28/turn    (no ring)
MPRegen 0.00/turn

%: infuse magic (-2 HP)
@: flying
A: sickness immunity, fire resistance 2, cold vulnerability 1, missing a hand,
float, innate caster, HP casting, extra vitality 1
a: Renounce Religion


You were on level 5 of the Dungeon.
You worshipped Ru.
Ru was pleased with you.
You visited 2 branches of the dungeon, and saw 6 of its levels.

You collected 162 gold pieces.

Inventory:

Hand Weapons
 a - a +0 short sword (weapon)
Armour
 b - a +0 robe (worn)
 g - a +1 pair of gloves (worn)
 r - a +0 cloak (worn)
Wands
 p - a wand of iceblast (3)
Scrolls
 f - a scroll of revelation {unknown}
 h - 2 scrolls of amnesia {unknown}
 i - 2 scrolls of vulnerability {unknown}
 j - 7 scrolls of identify {unknown}
 k - a scroll of blinking {unknown}
 l - a scroll of enchant weapon {unknown}
 o - 2 scrolls of immolation {unknown}
 s - a scroll of noise {unknown}
 v - a scroll of teleportation {unknown}
 B - 2 scrolls of fear {unknown}
 C - a scroll of enchant armour {unknown}
Potions
 c - a potion of ambrosia
 e - 4 potions of curing {unknown}
 m - a potion of lignification {unknown}
 n - a potion of invisibility {unknown}
 q - a potion of haste {unknown}
 t - a potion of brilliance {unknown}
 u - a potion of cancellation {unknown}
 w - 2 potions of heal wounds {unknown}
 x - a potion of might {unknown}
 z - a potion of berserk rage {unknown}
 A - a potion of degeneration {unknown}


   Skills:
 + Level 4.8 Fighting
 - Level 2.6 Short Blades
 - Level 3.2 Dodging
 * Level 4.2 Spellcasting
 * Level 4.2 Conjurations
 * Level 4.2 Hexes
   Level 0.0 Charms
 * Level 4.2 Summonings
 * Level 4.2 Necromancy
 * Level 4.2 Translocations
   Level 0.0 Transmutations
 * Level 4.2 Fire Magic
 * Level 4.2 Ice Magic
 * Level 4.2 Air Magic
 * Level 4.2 Earth Magic
 * Level 4.2 Alchemy


You knew the following spells:

 Your Spells              Type           Power      Damage    Failure   Level
a - Sandblast             Erth           26%        2d8       3%          1
b - Call Imp              Summ           26%        N/A       5%          2
c - Confusing Touch       Hex            13%        N/A       11%         3
Your spell library was empty.

Dungeon Overview and Level Annotations

Branches:
Dungeon (5/15)             Temple (1/1) D:4

Altars:
Ashenzari
Elyvilon
Gozag
Hepliaklqana
Makhleb
Nemelex Xobeh
Okawaru
Ru
Uskayaw
Wu Jian
Xom
Zin
The Shining One

Annotations:
D:5 Edmund


Innate Abilities, Weirdness & Mutations

You are immune to sickness and miasma.
You are immune to poison.
Your flesh is very heat resistant. (rF++)
You are vulnerable to cold. (rC-)
You are missing a hand.
You float through the air rather than walking.
You learn spells naturally, not from books.
Your magical power is your life essence.
You have superior vitality. (+4 MHP)


Message History

You focus your inner power and illuminate something in retribution!
Your cerulean imp hits the orc wizard but does no damage.
Unknown command.
The orc wizard hits you with a +0 dagger.
* * * LOW HITPOINT WARNING * * *
Your cerulean imp hits the orc wizard with a -3 spear.
The orc wizard hits you with a +0 dagger.
* * * LOW HITPOINT WARNING * * *
You focus your inner power and blind the orc wizard in retribution!
Your cerulean imp hits the orc wizard but does no damage.
Your cerulean imp hits the orc wizard but does no damage.
You feel less confused.
The orc wizard stops glowing and disappears.
Something barely misses you.
Casting: Sandblast (safe; 3% risk of failure)
Confirm with . or Enter, or press ? or * to list all spells.
You can't see any susceptible monsters within range! (Use Z to cast anyway.) Unknown command.
You closely miss something. Something hits you but does no damage.
You barely miss something.
You hear some strange, mumbled words.
Something tries to affect you, but you resist.
You hit something. Something hits you.
* * * LOW HITPOINT WARNING * * *
Casting: Sandblast (safe; 3% risk of failure)
Confirm with . or Enter, or press ? or * to list all spells.
Aiming: Sandblast (safe; 3% risk of failure)
Press: ? - help, Shift-Dir - straight line
* * * LOW HITPOINT WARNING * * *
Something hits you but does no damage.
Casting: Sandblast (safe; 3% risk of failure)
Confirm with . or Enter, or press ? or * to list all spells.
Aiming: Sandblast (safe; 3% risk of failure)
Press: ? - help, Shift-Dir - straight line
* * * LOW HITPOINT WARNING * * *
An ogre comes into view. It is wielding a +0 giant club.
You hear some strange, mumbled words.
A magic dart appears from out of thin air!
The magic dart hits you.
You die...

## #.### #...##
##....###
#.......############
#.......{@.........###
#.......5.######.....###
#.......#### ####....###
#.....O.# ####....
#........ ###..
#...#####.. ### #..# ..
# ### #..


You could see an ogre (distracted) and a friendly cerulean imp (summoned).

Vanquished Creatures
  2 ogres
  A hound (D:4)
  3 gnolls (D:2)
  6 adders
  2 ribbon worms (D:2)
  6 dart slugs
  3 orcs
  6 endoplasms
  6 giant cockroaches
  6 goblins
  7 hobgoblins
  4 kobolds
  2 quokkas
  6 ball pythons
  5 bats
  3 frilled lizards
  5 rats
73 creatures vanquished.

Vanquished Creatures (collateral kills)
  An orc priest (D:5)
  An adder (D:4)
2 creatures vanquished.

Grand Total: 75 creatures vanquished

Notes
Turn   | Place    | Note
-------+----------+-------------------------------------------
     0 | D:1      | Crownlay the Djinni Monk began the quest for the Orb.
     0 | D:1      | Reached XP level 1. HP: 20/20 MP: 0/0
   341 | D:1      | Reached XP level 2. HP: 24/25 MP: 0/0
   462 | D:1      | Reached skill level 1 in Spellcasting
   462 | D:1      | Reached skill level 1 in Conjurations
   462 | D:1      | Reached skill level 1 in Hexes
   462 | D:1      | Reached skill level 1 in Summonings
   462 | D:1      | Reached skill level 1 in Necromancy
   462 | D:1      | Reached skill level 1 in Translocations
   462 | D:1      | Reached skill level 1 in Fire Magic
   462 | D:1      | Reached skill level 1 in Ice Magic
   462 | D:1      | Reached skill level 1 in Air Magic
   462 | D:1      | Reached skill level 1 in Earth Magic
   462 | D:1      | Reached skill level 1 in Alchemy
   803 | D:1      | Reached XP level 3. HP: 30/30 MP: 0/0
   803 | D:1      | Learned a level 1 spell: Sandblast
  1128 | D:2      | Found an opulent altar of Gozag.
  1384 | D:2      | Reached XP level 4. HP: 33/35 MP: 0/0
  1882 | D:2      | Reached XP level 5. HP: 40/41 MP: 0/0
  1882 | D:2      | Learned a level 2 spell: Call Imp
  2105 | D:3      | Found a hide-covered altar of Uskayaw.
  2143 | D:3      | Found a glowing silver altar of Zin.
  2626 | D:3      | Found an opulent altar of Gozag.
  2626 | D:3      | Noticed an ogre
  2627 | D:3      | Found a sparkling altar of Nemelex Xobeh.
  2725 | D:4      | Noticed an ogre
  2747 | D:4      | Killed an ogre
  2748 | D:4      | Reached XP level 6. HP: 46/47 MP: 0/0
  2907 | D:3      | Killed an ogre
  3287 | D:4      | Found a staircase to the Ecumenical Temple.
  3304 | Temple   | Entered the Ecumenical Temple
  3319 | Temple   | Became a worshipper of Ru the Awakened
  3405 | D:4      | Reached XP level 7. HP: 53/53 MP: 0/0
  3405 | D:4      | Learned a level 3 spell: Confusing Touch
  3627 | D:4      | Found an iron altar of Okawaru.
  3659 | D:4      | Gained mutation: You are missing a hand. [Ru sacrifice]
  3659 | D:4      | Reached * piety under Ru
  3659 | D:4      | Reached ** piety under Ru
  3695 | D:5      | Entered Level 5 of the Dungeon
  3734 | D:5      | Noticed Edmund
  4062 | D:5      | Killed from afar by an orc wizard

Illustrated notes

Levels and vault maps discovered:
D:1:      tarquinn_simple_flora_water_d, layout_loops_corners
D:2:      layout_loops_ring, basic_altar, serial_bayou_pond_d,
          minmay_hexomino_u4
D:3:      layout_basic, grunt_temple_overflow_opulence,
          eat_drink_and_be_merry_uskayaw, mainiacjoe_overflow_small_starburst,
          ebering_dispersal_statue_hall, minmay_tree_intersection,
          minmay_unequal
D:4:      layout_loops_ring, okawaru_metal_pillars_1_2,
          nicolae_kikubaaqudgha_miasma_corner, minmay_temple_entry_waves
D:5:      layout_layer_cave, nicolae_ossuary_entry_plus, uniq_edmund
Temple:   eino_wide_crystal_templ

Skill      XL: |  1  2  3  4  5  6 |
---------------+-------------------+-----
Spellcasting   | 1 2 3 4 |  4.2
Conjurations   | 1 2 3 4 |  4.2
Hexes          | 1 2 3 4 |  4.2
Summonings     | 1 2 3 4 |  4.2
Necromancy     | 1 2 3 4 |  4.2
Translocations | 1 2 3 4 |  4.2
Fire Magic     | 1 2 3 4 |  4.2
Ice Magic      | 1 2 3 4 |  4.2
Air Magic      | 1 2 3 4 |  4.2
Earth Magic    | 1 2 3 4 |  4.2
Alchemy        | 1 2 3 4 |  4.2
Fighting       | 4 |  4.8
Short Blades   | |  2.6
Dodging        | |  3.2

Action                     |  1- 3 |  4- 6 |  7- 9 || total
---------------------------+-------+-------+-------++-------
  Melee: Short sword       |    74 |     1 |    11 ||    86
   Cast: Sandblast         |    29 |    78 |    21 ||   128
         Call Imp          |       |     7 |     3 ||    10
 Invoke: Sacrifice a Hand  |       |       |     1 ||     1
 Armour: Robe              |    28 |    27 |    29 ||    84
  Dodge: Dodged            |    54 |    46 |    16 ||   116
